 Dungeon Crawl Stone Soup version 0.25-a0-663-gace7076f2c (webtiles) character file.

Game seed: 8386297953744448848, levelgen mode: deterministic

51 nono the Chucker (level 3, 0/19 HPs)
             Began as a Vine Stalker Hunter on Mar 25, 2020.
             Succumbed to an adder's poison
             ... on level 2 of the Dungeon.
             The game lasted 00:02:06 (836 turns).

nono the Chucker (Vine Stalker Hunter)               Turns: 836, Time: 00:02:06

Health: 0/19       AC:  6    Str: 14 (15) XL:     3   Next: 81%
Magic:  4/4        EV: 11    Int:  8 (11) God:
Gold:   36         SH:  0    Dex: 12 (14) Spells: 2/2 levels left

rFire    . . .     SeeInvis .   a - +0 short sword
rCold    . . .     Gourm    .   (no shield)
rNeg     . . .     Faith    .   b - +0 leather armour
rPois    .         Spirit   +   g - +2 helmet
rElec    .         Reflect  .   (no cloak)
rCorr    .         Harm     .   (no gloves)
MR       +....                  (no boots)
Stlth    +.........             (no amulet)
HPRegen  0.06/turn              p - ring of protection from magic
MPRegen  0.09/turn              (no ring)

@: brilliant, lethally poisoned (0 -> -5), flying
A: fangs 2, magic shield, antimagic bite, no potion heal 3, rot immunity
a: no special abilities


You were on level 2 of the Dungeon.
You were not hungry.

You visited 1 branch of the dungeon, and saw 2 of its levels.

You collected 36 gold pieces.

Inventory:

Hand Weapons
 a - a +0 short sword (weapon)
Missiles
 c - 2 javelins (quivered)
 d - a throwing net
Armour
 b - a +0 leather armour (worn)
 g - a +2 helmet (worn)
Jewellery
 p - a ring of protection from magic (left hand)
Scrolls
 h - a scroll of magic mapping {unknown}
 j - 3 scrolls of identify {unknown}
 l - a scroll of fog {unknown}
 n - a scroll of enchant armour {unknown}
 o - a scroll of immolation {unknown}
 q - a scroll of fear {unknown}
Comestibles
 f - 3 rations


   Skills:
 + Level 2.8 Fighting
 + Level 2.0 Short Blades
 - Level 3.6 Throwing
 - Level 1.5 Dodging
 - Level 1.2 Stealth


You had 2 spell levels left.
You didn't know any spells.
Your spell library was empty.

Dungeon Overview and Level Annotations

Branches:
Dungeon (2/15)

Altars:


Innate Abilities, Weirdness & Mutations

You have extremely sharp teeth.
When hurt, damage is shared between your health and your magic reserves.
Your bite disrupts and absorbs the magic of your enemies.
Potions cannot restore your health.
You are immune to rotting.


Message History

The adder struggles against the net.
You hit the adder.
You kill the adder!
Your Short Blades skill increases to level 2!
* * * LOW HITPOINT WARNING * * *
You feel sick.
Unknown command.
Things that are here:
a throwing net; an adder corpse; the felid corpse of Natasha It was a potion of brilliance.
You feel clever all of a sudden.
* * * LOW HITPOINT WARNING * * *
You feel sick.
It was a potion of degeneration.
There was something very wrong with that liquid.
You feel weakened.
You feel dopey.
You feel clumsy.
It was a potion of flight.
You feel very buoyant.
You fly up into the air.
You die...

##...##### ##.#######
#.......## #.####...####
##.#.........#
#########>.#.##...##.#
#............###.###.#
###.....###..#####.# #.#
..(.....(@......##.# #.#
........###..##.##.# #.#
......(.# #..##.##.# #.#
#......####.....##.# #.#
#............#.....# #.#
#.(..######....#######.#
##.## #.#.## #..)..# #.
#.#.# #.##### ..
#####.#.# #.#


There were no monsters in sight!

Vanquished Creatures
  Natasha (D:2)
  An adder (D:2)
  A dart slug (D:2)
  2 leopard geckos
  3 goblins (D:1)
  2 hobgoblins (D:2)
  A bat (D:1)
  A frilled lizard (D:2)
  A kobold (D:2)
  2 rats (D:1)
15 creatures vanquished.

Notes
Turn   | Place    | Note
-------+----------+-------------------------------------------
     0 | D:1      | nono the Vine Stalker Hunter began the quest for the Orb.
     0 | D:1      | Reached XP level 1. HP: 11/11 MP: 2/2
   221 | D:1      | Reached XP level 2. HP: 15/15 MP: 3/3
   562 | D:2      | Reached skill level 1 in Short Blades
   815 | D:2      | Noticed Natasha
   828 | D:2      | Killed Natasha
   828 | D:2      | Reached XP level 3. HP: 5/19 MP: 1/4
   836 | D:2      | Succumbed to an adder's poison

Levels and vault maps discovered:
D:1:      nzn_arrival_crosshair, layout_loops_ring
D:2:      layout_loops_ring, minivault_14, nicolae_qazlal_eye_of_the_storm,
          uniq_natasha

Skill      XL: |  1  2  3 |
---------------+----------+-----
Fighting       | 2 |  2.8
Short Blades   | 1 2 |  2.0
Throwing       | |  3.6
Dodging        | |  1.5
Stealth        | |  1.2

Action                   || total
-------------------------++-------
Melee: Short sword       ||    29
       Bite              ||     9
Throw: Javelin           ||     4
       Throwing net      ||     1
  Use: Potion            ||     3
Armor: Leather armour    ||    14
Dodge: Dodged            ||    15

Table legend:
 A = Non-vault XP
 B = Vault XP
 C = Vault XP percentage of total XP
 D = Non-vault monster count
 E = Vault monster count
 F = Vault count percentage of total count
                 A         B        C        D         E       F
            +---------+---------+-------+---------+---------+-------
      Total |      38 |      35 |  47.9 |      14 |       1 |   6.7
            +---------+---------+-------+---------+---------+-------
        D:1 |      11 |       0 |   0.0 |       7 |       0 |   0.0
        D:2 |      27 |      35 |  56.5 |       7 |       1 |  12.5
            +---------+---------+-------+---------+---------+-------
